AoeStats
← TUSHIRO1.2

Arabian Desert

510449577Analyzed
1v1 RM · 12h ago on Oct 1, 2026· 40m 1s· 2 players
Game mode
Random Map
Map size
Tiny (2 player)
Population
200
Speed
Normal
Resources
Standard
Victory
Conquest
Starting age
Dark Age
Ending age
Imperial Age
RankedLock teamsTeams togetherTeam positionsShared explorationLock speedFull tech treeHidden civsTurbo modeCheats
Victory
Defeat
🇦🇷 Tupi · Argentina
1154
+17
🇲🇽 Bohemians · Mexico
1178
-34
El Loco Blanco
8:02 Loom
10:25 Feudal Age
14:11 Castle Age
13:19 Fletching
13:19 Double-Bit Axe
22:33 Horse Collar
30:34 Wheelbarrow
31:42 Hand Cart
36:12 Imperial Age
36:21 Imperial Age
36:31 Town Watch
37:24 Devotion
39:39 Onager
TUSHIRO1.2
7:44 Loom
10:29 Feudal Age
15:09 Castle Age
20:17 Double-Bit Axe
28:33 Redemption
Connection lost

Rejoining the realm…

Still unreachable

The connection could not be restored.

Session expired

The server has moved on; the page needs a fresh start.